 Dungeon Crawl Stone Soup version 0.29.0-15-g675c0067aa (webtiles) character file.

Game seed: 17583942996606022046

1152 quinnr the Zephyrmancer (level 8, -3/41 HPs)
             Began as a Tengu Air Elementalist on Sept 11, 2022.
             Was an Initiate of Vehumet.
             Slain by an ice beast (11 damage)
             ... on level 5 of the Dungeon.
             The game lasted 00:16:17 (7257 turns).

quinnr the Zephyrmancer (Tengu Air Elementalist)    Turns: 7257, Time: 00:16:18

Health: -3/41      AC:  3    Str: 11    XL:     8   Next: 38%
Magic:  13/13      EV: 14    Int: 25    God:    Vehumet [......]
Gold:   200        SH:  0    Dex: 13    Spells: 3/13 levels left

rFire   . . .      SeeInvis .   i - +3 dagger (venom)
rCold   . . .      Faith    .   (no shield)
rNeg    + . .      Spirit   .   a - +0 robe
rPois   .          Reflect  .   (helmet restricted)
rElec   .          Harm     .   t - scarf {+Inv}
rCorr   .          Rampage  .   c - +0 pair of gloves
Will    .....                   (boots unavailable)
Stlth   +.........              (no amulet)
HPRegen 0.13/turn               v - ring "Ydoowaa" {Str+6 Slay+3}
MPRegen 0.13/turn               N - ring of positive energy

@: confused, ambrosia-drunk, flying quickly and evasively, quick
A: beak, talons 3, nimble flight, clever 2, weak 1
a: Renounce Religion, Evoke Invisibility


You were on level 5 of the Dungeon.
You worshipped Vehumet.
Vehumet was noncommittal.
You visited 2 branches of the dungeon, and saw 7 of its levels.
You also visited: Ossuary.

You collected 200 gold pieces.


Innate Abilities, Weirdness & Mutations

You have a beak for a mouth.
You have claws for feet.
Your magical nature lets you fly swiftly and evasively.
Your mind is very acute. (Int +8, Str/Dex -2)
You are weak. (Str -2)


   Skills:
 - Level 2.1 Dodging
 - Level 2.0 Stealth
 - Level 3.0 Spellcasting
 - Level 5.0 Conjurations
 * Level 10.3 Air Magic
 + Level 4.3 Poison Magic


You had 3 spell levels left.
You knew the following spells:

 Your Spells              Type           Power      Damage    Failure   Level
a - Airstrike             Air            26%        2d(4-20)  1%          4
m - Mephitic Cloud        Conj/Pois/Air  36%        N/A       1%          3
t - Static Discharge      Conj/Air       42%        3-9/arc   1%          2
z - Shock                 Conj/Air       100%       1d9       1%          1

Your spell library contained the following spells:

 Spells                   Type           Power      Damage    Failure   Level
 Magic Dart               Conj           100%       1d8       1%          1
 Swiftness                Air            53%        N/A       1%          3
 Dazzling Flash           Conj/Hex       32%        N/A       11%         3
 Call Imp                 Summ           3%         N/A       16%         2
 Silence                  Hex/Air        14%        N/A       34%         5
 Cause Fear               Hex            1%         N/A       69%         4
 Agony                    Necr           3%         N/A       95%         5
 Dragon Form              Tmut           1%         N/A       100%        7
 Dragon's Call            Summ           1%         N/A       100%        9

Inventory:

Hand Weapons
 i - a +3 dagger of venom (weapon)
Armour
 a - a +0 robe (worn)
 c - a +0 pair of gloves (worn)
 e - a +0 cloak
 t - a scarf of invisibility (worn)
Jewellery
 v - the ring "Ydoowaa" (left hand) {Str+6 Slay+3}
   (You took it off an orc on level 3 of the Dungeon)

   [ring of strength]

   Str:       It affects your strength (+6).
   Slay:      It affects your accuracy & damage with ranged weapons and melee
   (+3).
 N - a ring of positive energy (right hand)
 P - a ring of poison resistance
 S - a +6 ring of strength
Scrolls
 d - a scroll of summoning {unknown}
 f - a scroll of enchant armour {unknown}
 j - 2 scrolls of fear
 l - 4 scrolls of teleportation {@r2}
 p - a scroll of fog {unknown}
 q - a scroll of magic mapping
 w - a scroll of enchant weapon
 y - a scroll of amnesia
Potions
 b - a potion of magic
 g - 2 potions of curing {unknown}
 h - a potion of haste {unknown}
 k - 4 potions of resistance
 n - 2 potions of brilliance
 o - a potion of berserk rage {!q}
 r - 2 potions of might
 s - a potion of mutation
 u - a potion of cancellation {unknown}
 x - a potion of flight {unknown}

Dungeon Overview and Level Annotations

Branches:
Dungeon (6/15)             Temple (1/1) D:4         Ossuary (visited)

Altars:
Ashenzari
Dithmenos
Elyvilon
Fedhas
Gozag
Kikubaaqudgha
Makhleb
Nemelex Xobeh
Qazlal
Trog
Uskayaw
Vehumet
Wu Jian
Yredelemnul

Annotations:
D:1 digvault
D:2 Sigmund

##..###.........#..........
##....#............#........ ##
###....##............#........
.###.............................
...#.............................
.......#.......<.....# #.........
.......##......†.....# #.........
.#..##..#......Y.....###.........
.#..##..<.......@....#.........<.
....#.....)..........#.........#.
.......###.......##.##....>...###
....##.#.#.....{.##.#.(.....#...#
................##..........#....
....#...........#...........#)..#
....###........................##
#..###..........................#
....................##...........


You could see an ice beast.


Message History

The magic dart hits you.
The orc wizard gestures wildly while chanting.
The orc wizard flickers and vanishes!
The ice beast barely misses you.
You are confused.
A puff of flame appears from out of thin air!
The puff of flame hits you! The ice beast hits you. The ice beast freezes you!
* * * LOW HITPOINT WARNING * * *
Something hits you.
* * * LOW HITPOINT WARNING * * *
The ice beast hits you.
* * * LOW HITPOINT WARNING * * *
The ice beast freezes you.
* * * LOW HITPOINT WARNING * * *
Unknown command.
Okay, then.
You are too confused!
You are more confused.
You feel invigorated. Something hits you.
* * * LOW HITPOINT WARNING * * *
The ice beast closely misses you.
Unknown command.
Unknown command.
You miss the ice beast. Your punch misses the ice beast.
A puff of flame appears from out of thin air!
The puff of flame hits something!
The ice beast hits you.
* * * LOW HITPOINT WARNING * * *
The ice beast freezes you!
You die...

Skill      XL: |  1  2  3  4  5  6  7  8 |
---------------+-------------------------+-----
Air Magic      | 5 6 8 9 10 | 10.3
Conjurations   | 2 4 5 |  5.0
Spellcasting   | 3 |  3.0
Poison Magic   | 1 2 3 4 |  4.3
Dodging        | |  2.1
Stealth        | |  2.0

Action                   |  1- 3 |  4- 6 |  7- 9 || total
-------------------------+-------+-------+-------++-------
Melee: Unarmed           |    13 |       |       ||    13
       Peck              |     3 |       |     3 ||     6
       Kick              |     3 |     2 |     1 ||     6
       Dagger            |       |     2 |    17 ||    19
 Cast: Shock             |   100 |    58 |   107 ||   265
       Static Discharge  |     4 |     9 |    12 ||    25
       Mephitic Cloud    |       |     6 |     1 ||     7
       Airstrike         |       |       |    11 ||    11
  Use: Scroll            |       |     1 |    10 ||    11
       Potion            |       |       |     4 ||     4
Armor: Robe              |    13 |     2 |     6 ||    21
Dodge: Dodged            |    22 |     3 |    32 ||    57

Levels and vault maps discovered:
D:1:      dpeg_arrival_tiny_i, layout_basic, interstate_on_off,
          minmay_surrounded
D:2:      layout_loops_ring, shapermc_ecumenical_altar_mp_urbaneastern,
          dk_noncrumbling_2, minmay_quadrilaterals, uniq_robin, uniq_sigmund
D:3:      layout_basic, uniq_jessica, uniq_natasha
D:4:      layout_basic, nzn_wu_jian_contemplation,
          minmay_temple_entry_antechambers, enter_ossuary_2, st_stairs_6
D:5:      layout_cave_pools, eino_small_chamber_without_monster,
          minmay_manual_monolith
D:6:      layout_basic, tso_oasis_becter, kennysheep_generic_room_3,
          uniq_grinder
Temple:   cyrus_circular_temple

Notes
Turn   | Place    | Note
-------+----------+-------------------------------------------
     0 | D:1      | quinnr the Tengu Air Elementalist began the quest for the
                  | Orb.
     0 | D:1      | Reached XP level 1. HP: 10/10 MP: 4/4
   245 | D:1      | Reached XP level 2. HP: 15/15 MP: 0/6
   442 | D:1      | Learned a level 2 spell: Static Discharge
   665 | D:1      | Reached skill level 5 in Air Magic
   819 | D:1      | Reached XP level 3. HP: 16/19 MP: 0/7
  2457 | D:2      | Reached XP level 4. HP: 12/24 MP: 6/9
  2470 | D:1      | Learned a level 3 spell: Mephitic Cloud
  2689 | D:2      | Found a faded altar of an unknown god.
  3020 | D:2      | Identified a +2 robe of resistance
  3020 | D:2      | Noticed Sigmund
  3205 | D:3      | Noticed Natasha
  3216 | D:3      | Reached skill level 6 in Air Magic
  3270 | D:3      | Killed Natasha
  3271 | D:3      | Reached skill level 2 in Conjurations
  3271 | D:3      | Gained mutation: Your magical nature lets you fly swiftly
                  | and evasively. [Tengu growth]
  3271 | D:3      | Reached XP level 5. HP: 19/28 MP: 2/10
  3489 | D:3      | Reached skill level 3 in Spellcasting
  3489 | D:3      | Reached skill level 1 in Poison Magic
  3552 | D:3      | Noticed Natasha
  3560 | D:3      | Killed Natasha
  3692 | D:3      | Noticed Natasha
  3696 | D:3      | Killed Natasha
  3805 | D:3      | Noticed Jessica
  3850 | D:3      | Killed Jessica
  3934 | D:3      | Reached XP level 6. HP: 32/32 MP: 5/11
  4031 | D:3      | Identified the ring "Ydoowaa" {Str+6 Slay+3}
  4033 | D:3      | Reached skill level 3 in Conjurations
  4159 | D:3      | You are sucked into a shaft and drop 3 floors!
  4164 | D:6      | Noticed Grinder
  4168 | D:6      | Killed Grinder
  4169 | D:6      | Reached skill level 7 in Air Magic
  4169 | D:6      | Reached skill level 2 in Poison Magic
  4432 | D:6      | Reached skill level 4 in Conjurations
  4432 | D:6      | Reached skill level 8 in Air Magic
  4432 | D:6      | Reached XP level 7. HP: 30/36 MP: 4/12
  4642 | D:5      | Entered Level 5 of the Dungeon
  4715 | D:5      | Reached skill level 3 in Poison Magic
  4782 | D:4      | Gained mutation: You are occasionally teleported next to
                  | monsters. [potion of mutation]
  4782 | D:4      | Gained mutation: You have a pair of small antennae on your
                  | head. [potion of mutation]
  4782 | D:4      | Gained mutation: Your movements are slightly less
                  | encumbered by armour. (ER -2) [potion of mutation]
  4800 | D:4      | HP: 2/36 [orc/+1 short sword of venom (4)]
  4806 | D:4      | HP: 2/36 [orc/+1 short sword of venom (1)]
  5086 | D:3      | Lost mutation: You are occasionally teleported next to
                  | monsters. [potion of mutation]
  5086 | D:3      | Lost mutation: You have a pair of small antennae on your
                  | head. [potion of mutation]
  5086 | D:3      | Lost mutation: Your movements are slightly less encumbered
                  | by armour. (ER -2) [potion of mutation]
  5086 | D:3      | Gained mutation: Your spells are a little easier to cast,
                  | but a little less powerful. [potion of mutation]
  5086 | D:3      | Gained mutation: Your spells are easier to cast, but less
                  | powerful. [potion of mutation]
  5086 | D:3      | Gained mutation: You have hidden genetic potential. [potion
                  | of mutation]
  5087 | D:3      | Lost mutation: You have hidden genetic potential. [potion
                  | of mutation]
  5087 | D:3      | Lost mutation: Your spells are easier to cast, but less
                  | powerful. [potion of mutation]
  5087 | D:3      | Lost mutation: Your spells are a little easier to cast, but
                  | a little less powerful. [potion of mutation]
  5087 | D:3      | Gained mutation: Your mind is acute. (Int +4, Str/Dex -1)
                  | [potion of mutation]
  5087 | D:3      | Gained mutation: You are weak. (Str -2) [potion of
                  | mutation]
  5087 | D:3      | Gained mutation: Your mind is very acute. (Int +8, Str/Dex
                  | -2) [potion of mutation]
  5120 | D:4      | Learned a level 4 spell: Airstrike
  5154 | D:4      | Found a sand-covered staircase.
  5159 | Ossuary  | Entered an ossuary
  5300 | Ossuary  | Reached skill level 5 in Conjurations
  5300 | Ossuary  | Reached skill level 9 in Air Magic
  5519 | Ossuary  | Reached XP level 8. HP: 35/41 MP: 1/13
  6223 | D:4      | Found a staircase to the Ecumenical Temple.
  6233 | Temple   | Entered the Ecumenical Temple
  6307 | Temple   | Became a worshipper of Vehumet
  6459 | D:4      | Identified 4 potions of resistance
  6461 | D:4      | Found an ornate altar of the Wu Jian Council.
  6931 | D:5      | Reached skill level 4 in Poison Magic
  6936 | D:5      | Reached skill level 10 in Air Magic
  7257 | D:5      | Slain by an ice beast

Vanquished Creatures
  Grinder (D:6)
  An ogre (D:5)
  A necrophage (D:6)
  2 water moccasin zombies (Ossuary)
  A scorpion (D:5)
  A howler monkey (D:5)
  A jelly (D:5)
  A hound (D:3)
  2 orc priests (D:4)
  Jessica (D:3)
  Natasha (thrice) (D:3)
  6 orc wizards
  2 mummies (Ossuary)
  An adder (D:2)
  4 gnolls
  2 shadow imps (D:5)
  4 adder zombies (Ossuary)
  A worm (D:2)
  4 dart slugs
  18 orcs
  9 bats
  2 endoplasms (D:1)
  2 giant cockroaches
  3 gnoll zombies (Ossuary)
  6 goblins
  11 hobgoblins
  10 jackals (D:1)
  3 quokkas
  10 ball pythons
  2 frilled lizards
  7 hobgoblin zombies (Ossuary)
  5 kobolds
  7 kobold zombies (Ossuary)
  3 orc zombies (Ossuary)
  4 rats
141 creatures vanquished.

Table legend: (Time is in decaauts)
 A = Elapsed time spent in this place.
 B = Non-inter-level travel time spent in this place.
 C = Inter-level travel time spent in this place.
 D = Time resting spent in this place.
 E = Time spent auto-exploring this place.
 F = Levels seen in this place.
 G = Mean time per level.
                   A        B        C        D        E       F      G
               +--------+--------+--------+--------+--------+-----+--------+
         Total |   7108 |   6938 |    170 |   1168 |   4563 |   8 |  888.5 |
       Dungeon |   6253 |   6090 |    163 |   1077 |   3957 |   6 | 1042.2 |
        Temple |     76 |     69 |      7 |      0 |     47 |   1 |   76.0 |
       Ossuary |    778 |    778 |      0 |     91 |    558 |   1 |  778.0 |
               +--------+--------+--------+--------+--------+-----+--------+

Top non-repeatable levels by time:
     D:1: 2271 daAuts
     D:3: 1247 daAuts
     D:4: 933 daAuts
     D:2: 883 daAuts
 Ossuary: 778 daAuts
     D:6: 470 daAuts
     D:5: 448 daAuts
  Temple: 76 daAuts

Table legend:
 A = Non-vault XP
 B = Vault XP
 C = Vault XP percentage of total XP
 D = Non-vault monster count
 E = Vault monster count
 F = Vault count percentage of total count
                 A         B        C        D         E       F
            +---------+---------+-------+---------+---------+-------
      Total |     945 |     701 |  42.6 |      95 |      46 |  32.6
            +---------+---------+-------+---------+---------+-------
        D:1 |      62 |      12 |  16.2 |      33 |       8 |  19.5
        D:2 |      20 |      31 |  60.8 |      10 |       4 |  28.6
        D:3 |     137 |      72 |  34.4 |      16 |       2 |  11.1
        D:4 |     234 |       1 |   0.4 |      22 |       1 |   4.3
        D:5 |     366 |      61 |  14.3 |      10 |       2 |  16.7
        D:6 |     126 |     281 |  69.0 |       4 |       1 |  20.0
    Ossuary |       0 |     243 | 100.0 |       0 |      28 | 100.0
            +---------+---------+-------+---------+---------+-------
